 Dungeon Crawl Stone Soup version 0.31-a0-1589-g8f5e8aebd6 (webtiles) character file.

Game seed: 14015728644596052974

224 BigPumpCobain the Ruffian (level 6, -5/41 (43) HPs)
             Began as a Merfolk Shapeshifter on Jan 6, 2024.
             Slain by a wight
             ... wielding a +4 scimitar
              (9 damage)
             ... on level 4 of the Dungeon.
             The game lasted 00:03:59 (2043 turns).

BigPumpCobain the Ruffian (Merfolk Shapeshifter)    Turns: 2043, Time: 00:04:00

HP:   -5/41 (43)    AC:  4    Str: 22    XL:     6   Next: 0%
MP:   6/6           EV: 13    Int: 10    God:
Gold: 233           SH:  0    Dex: 19    Spells: 5/5 levels left

rFire   . .          .
                       - Unarmed
rCold   + . .        (no shield)
rNeg    . . .        e - +2 robe {rC+}
rPois   .            (helmet currently unavailable)
rElec   .            (cloak currently unavailable)
rCorr   .            (gloves currently unavailable)
SInv    .            (boots currently unavailable)
Will    .....        (no amulet)
Stlth   ++           h - +6 ring of strength
HPRegen 0.26/turn    s - +6 ring of dexterity
MPRegen 0.10/turn

%: no passive effects
@: beast-form, lightly drained
A: beast (slay +2), (nimble swimmer 2), mertail
a: Begin Untransformation


You were on level 4 of the Dungeon.
You were a hulking beast.
You visited 1 branch of the dungeon, and saw 4 of its levels.

You collected 233 gold pieces.

Inventory:

Armour
 e - a +2 robe of cold resistance (worn)
 f - a +1 helmet of intelligence
Jewellery
 h - a +6 ring of strength (left hand)
 q - a ring of willpower
 s - a +6 ring of dexterity (right hand)
Talismans
 c - a beast talisman
 d - a flux talisman
 v - a maw talisman
Scrolls
 i - a scroll of identify
 j - 2 scrolls of enchant armour {unknown}
 k - a scroll of summoning {unknown}
 o - a scroll of teleportation {unknown}
 r - a scroll of amnesia {unknown}
 u - a scroll of revelation {unknown}
 x - a scroll of noise {unknown}
Potions
 a - 2 potions of curing
 b - a potion of lignification
 g - a potion of resistance {unknown}
 l - a potion of berserk rage {unknown}
 m - 2 potions of mutation {unknown}
 n - a potion of haste {unknown}
 p - a potion of cancellation {unknown}
 t - 2 potions of attraction {unknown}
 w - a potion of enlightenment {unknown}


   Skills:
 - Level 1.1 Fighting
 - Level 2.6 Dodging
 * Level 7.1 Unarmed Combat
 - Level 4.0 Shapeshifting


You had 5 spell levels left.
You didn't know any spells.
Your spell library contained the following spells:

 Spells                   Type           Power      Damage    Failure   Level
 Cigotuvi's Dreadful Rot  Necr/Alch/Air  0%         N/A       50%         2
 Ignite Poison            Fire/Alch      0%         N/A       98%         4
 Freezing Cloud           Conj/Ice/Air   0%         6-21      100%        5


Dungeon Overview and Level Annotations

Branches:
Dungeon (4/15)
 Temple: D:4-7

Altars:

Shops:
D:4 ([

Annotations:
D:2 1 runed translucent door, Crazy Yiuf
D:4 1 transporter, zenocrate's ghost, novice VSEn


Innate Abilities, Weirdness & Mutations

You are a hulking beast.
Your limbs bulge with bestial killing power. (Slay +2)
((You are very nimble when in or above water. (Stealth+, EV+, Speed+++)))
Your lower body shifts to a powerful aquatic tail in water.


Message History

No target in view!
No target in view!
No target in view!
No target in view!
No target in view!
No target in view!
Found a stone staircase leading up.
An orc comes into view. It is wielding a +0 dagger.
The orc shouts!
An orc is nearby!
An orc wizard comes into view. It is wielding a +0 dagger.
The orc wizard shouts! 2 wights come into view.
An orc wizard comes into view. It is wielding a +0 dagger.
There is a stone staircase leading up here.
The orc wizard shouts!
You hear a shout!
The wight hits you with a +4 halberd!
A wight comes into view.
It is wielding a +1 halberd of freezing.
The orc wizard mumbles some strange words.
The orc wizard flickers and vanishes!
Deactivating autopickup; reactivate with Ctrl-A.
The orc closely misses you.
You barely miss the wight. The wight barely misses you.
The orc hits you with a +0 dagger.
An orc wizard comes into view. It is wielding a +0 dagger.
You miss the orc wizard. The wight misses you. The wight closely misses you.
The orc wizard closely misses you. The orc hits you with a +0 dagger.
You punch the orc wizard!
You kill the orc wizard!
The wight closely misses you. The orc misses you.
Your Unarmed Combat skill increases to level 7!
You have reached level 6!
The wight hits you from afar with a +4 halberd!
* * * LOW HITPOINT WARNING * * *
You feel drained.
* * * LOW HITPOINT WARNING * * *
There is a stone staircase leading up, spattered with blood here.
You can't go down here!
The wight hits you with a +4 scimitar!
You die...

.####.#........#
#.####.#...# .
#.#.##....#####
#.####......
#.#.##........#
#......#####
#.........###.#
########
###.####### #.#
###.### ##.#
#.....# #..#
#.....# #.##
#.....# #h#
#.....# #z#
#.....##...ooz.#
########.###.#.#
#.#.# ..# # .##
. ..


You could see 2 wights, an orc wizard and an orc.

Vanquished Creatures
  A scorpion (D:4)
  A hound (D:4)
  Jessica (D:2)
  2 orc wizards (D:4)
  An adder (D:2)
  2 dart slugs
  6 orcs
  2 ball pythons (D:3)
  7 endoplasms
  2 goblins
  A hobgoblin (D:1)
  3 jackals (D:1)
  2 kobolds
  4 quokkas
  5 bats
  5 frilled lizards
  A rat (D:3)
46 creatures vanquished.

Notes
Turn   | Place    | Note
-------+----------+-------------------------------------------
     0 | D:1      | BigPumpCobain the Merfolk Shapeshifter began the quest for
                  | the Orb.
     0 | D:1      | Reached XP level 1. HP: 15/15 MP: 1/1
    94 | D:1      | Reached XP level 2. HP: 20/21 MP: 2/2
   141 | D:1      | Reached skill level 4 in Unarmed Combat
   333 | D:1      | Reached XP level 3. HP: 26/26 MP: 3/3
  1069 | D:2      | Noticed Jessica
  1084 | D:2      | Killed Jessica
  1085 | D:2      | Reached skill level 5 in Unarmed Combat
  1085 | D:2      | Reached XP level 4. HP: 25/32 MP: 4/4
  1121 | D:2      | Found a faded altar of an unknown god.
  1157 | D:2      | Found a runed translucent door.
  1158 | D:2      | Noticed Crazy Yiuf
  1839 | D:4      | Found Ixougrig's Armour Boutique.
  1848 | D:4      | Reached skill level 6 in Unarmed Combat
  1850 | D:4      | Reached XP level 5. HP: 37/37 MP: 5/5
  1977 | D:4      | Noticed zenocrate's ghost (novice VSEn)
  1978 | D:4      | Found a transporter.
  1983 | D:4      | Found Opiphobao's Antique Weapon Boutique.
  2042 | D:4      | Reached skill level 7 in Unarmed Combat
  2042 | D:4      | Reached XP level 6. HP: 22/43 MP: 6/6
  2043 | D:4      | Slain by a wight

Illustrated notes

Levels and vault maps discovered:
D:1:      heliophobic_arrival_henge, layout_rooms
D:2:      layout_basic, serial_glass, glass_columns_a, glass_columns_c,
          ebering_ecumenical_altar_abandoned, uniq_jessica,
          uniq_crazy_yiuf_cottage
D:3:      layout_rooms
D:4:      minmay_chambers_of_twos, layout_loops_cross, serial_shops,
          nicolae_shop_crystal, nicolae_shop_pleasant_corner_grove,
          nicolae_shop_crystal, gammafunk_ghost_arena,
          hangedman_decor_peaks_small, nicolae_shop_sticking_my_neck_out

Skill      XL: |  1  2  3  4  5 |
---------------+----------------+-----
Unarmed Combat | 4 5 6 7 |  7.1
Fighting       | |  1.1
Dodging        | |  2.6
Shapeshifting  | |  4.0

Action                     |  1- 3 |  4- 6 || total
---------------------------+-------+-------++-------
  Melee: Unarmed           |    59 |    40 ||    99
         Punch             |     2 |     2 ||     4
  Evoke: Wand              |       |     2 ||     2
    Use: Scroll            |     2 |       ||     2
   Stab: Sleeping          |     1 |     2 ||     3
 Armour: Robe              |    32 |    19 ||    51
  Dodge: Dodged            |    38 |    37 ||    75

Table legend: (Time is in decaauts)
 A = Elapsed time spent in this place.
 B = Non-inter-level travel time spent in this place.
 C = Inter-level travel time spent in this place.
 D = Time resting spent in this place.
 E = Time spent auto-exploring this place.
 F = Levels seen in this place.
 G = Mean time per level.
                   A        B        C        D        E       F      G
               +--------+--------+--------+--------+--------+-----+--------+
         Total |   2031 |   1931 |    100 |     59 |   1502 |   4 |  507.8 |
       Dungeon |   2031 |   1931 |    100 |     59 |   1502 |   4 |  507.8 |
               +--------+--------+--------+--------+--------+-----+--------+

Top non-repeatable levels by time:
     D:2: 917 daAuts
     D:1: 525 daAuts
     D:3: 384 daAuts
     D:4: 204 daAuts
